Construct Section Command Post
Selects Heavy Armor Battlegroup
Construct Platoon Command Post
6-pounder Anti-tank Gun Team
6-pounder Anti-tank Gun Team
Selects Light Vehicle Withdraw and Refit
Construct Company Command Post
Unlock Bishop Self-propelled Artillery
Bishop Self-propelled Artillery
Bishop Self-propelled Artillery
Construct Company Command Post
Construct Field Infirmary
Selects Rigorous Vehicle Training
Selects Forward Repair Assembly